 Dungeon Crawl Stone Soup version 0.28-a0-385-g79de503ca0 (webtiles) character file.

Game seed: 11505690170369480130

5824 Decipherer the Basher (level 10, -5/90 HPs)
             Began as a Minotaur Berserker on Sept 3, 2021.
             Was a High Priest of Trog.
             Slain by a wraith (9 damage)
             ... led by a death knight
             ... on level 9 of the Dungeon.
             The game lasted 00:10:52 (10239 turns).

Decipherer the Basher (Minotaur Berserker)         Turns: 10239, Time: 00:10:52

Health: -5/90      AC:  8    Str: 19    XL:     10   Next: 51%
Magic:  9/9        EV: 13    Int:  8    God:    Trog [*****.]
Gold:   490        SH:  0    Dex: 13    Spells: 9/9 levels left

rFire   + + +      SeeInvis .   P - +4 quarterstaff of Lynto {drain, +Blink rF++ Str-3 Int+4 Stlth+}
rCold   . . .      Faith    .   (shield currently unavailable)
rNeg    . . .      Spirit   .   N - +2 ring mail of Responsibility {Rampage rF++ Stlth+}
rPois   .          Reflect  .   (helmet restricted)
rElec   .          Harm     .   K - scarf {+Inv}
rCorr   .          Rampage  +   (no gloves)
Will    .....                   (no boots)
Stlth   +++.......              (no amulet)
HPRegen 0.25/turn               c - ring of willpower
MPRegen 0.11/turn               O - ring of flight

@: about to teleport, weak-willed, flying, slowed, very slow
A: horns 2, retaliatory headbutt
a: Renounce Religion, Evoke Blink, Evoke Invisibility, Berserk, Trog's Hand,
Brothers in Arms


You were on level 9 of the Dungeon.
You worshipped Trog.
Trog was extremely pleased with you.
You visited 1 branch of the dungeon, and saw 9 of its levels.
You also visited: Sewer.

You collected 490 gold pieces.

Inventory:

Hand Weapons
 a - a +0 hand axe
 r - a +0 dire flail of protection
 P - the +4 quarterstaff of Lynto (weapon) {drain, +Blink rF++ Str-3 Int+4 Stlth+}
   (You found it on level 7 of the Dungeon)

   A truly terrible weapon, it drains the life of any living foe it strikes.
   Str:       It affects your strength (-3).
   Int:       It affects your intelligence (+4).
   rF:        It greatly protects you from fire.
   +Blink:    It lets you blink.
   Stlth:     It makes you more stealthy.
Missiles
 b - 6 curare-tipped darts
 q - 49 poisoned darts
 E - 5 javelins
 H - 9 boomerangs
 L - 8 atropa-tipped darts
 T - a throwing net
Armour
 h - a +0 cloak of preservation
 y - a +0 tower shield
 G - a +0 plate armour
 K - a scarf of invisibility (worn)
 N - the +2 ring mail of Responsibility (worn) {Rampage rF++ Stlth+}
   (You found it on level 8 of the Dungeon)

   rF:        It greatly protects you from fire.
   Rampage:   It bestows one free step when moving towards enemies.
   Stlth:     It makes you more stealthy.
 Q - a +0 chain mail
 U - a +0 chain mail
 W - a +0 chain mail
 X - a +0 chain mail
Jewellery
 c - a ring of willpower (left hand)
 O - a ring of flight (right hand)
Wands
 j - a wand of acid (19)
 k - a wand of flame (41)
 m - a wand of digging (5)
 p - a wand of polymorph (21)
 v - a wand of mindburst (9)
 J - a wand of charming (7)
 S - a wand of paralysis (10)
Scrolls
 f - a scroll of blinking {unknown}
 g - 7 scrolls of identify
 i - a scroll of vulnerability {unknown}
 l - 2 scrolls of enchant weapon {unknown}
 n - 2 scrolls of fear {unknown}
 s - 3 scrolls of amnesia {unknown}
 t - 3 scrolls of teleportation
 x - 2 scrolls of holy word {unknown}
 A - 2 scrolls of brand weapon {unknown}
 F - a scroll of immolation {unknown}
 V - a scroll of noise {unknown}
Potions
 d - 4 potions of curing
 e - a potion of attraction
 o - a potion of magic {unknown}
 u - a potion of heal wounds {unknown}
 w - 3 potions of brilliance {unknown}
 z - 3 potions of mutation {unknown}
 B - 2 potions of might {unknown}
 C - 2 potions of haste {unknown}
 D - 2 potions of flight
 I - a potion of invisibility {unknown}
 M - a potion of resistance {unknown}
 R - a potion of lignification {unknown}


   Skills:
 + Level 8.6 Fighting
 + Level 6.9(9.1) Axes
 + Level 9.3(11.0) Maces & Flails
 + Level 6.6(9.0) Staves
 + Level 8.3 Armour
 * Level 7.2 Dodging
 + Level 2.3 Stealth


You had 9 spell levels left.
You didn't know any spells.
Your spell library contained the following spells:

 Spells                   Type           Power      Damage    Failure   Level
 Sting                    Tmut/Pois      0%         1d3       56%         1
 Blink                    Tloc           N/A        N/A       71%         2
 Ensorcelled Hibernation  Hex/Ice        0%         N/A       71%         2
 Poisonous Vapours        Pois/Air       0%         N/A       71%         2
 Lesser Beckoning         Tloc           0%         N/A       90%         3
 Ozocubu's Armour         Ice            0%         N/A       90%         3
 Spider Form              Tmut/Pois      0%         N/A       90%         3
 Olgreb's Toxic Radiance  Pois           0%         N/A       100%        4
 Fireball                 Conj/Fire      0%         3d3       100%        5
 Manifold Assault         Tloc           0%         N/A       100%        5
 Metabolic Englaciation   Hex/Ice        0%         N/A       100%        5
 Simulacrum               Ice/Necr       0%         N/A       100%        6
 Starburst                Conj/Fire      0%         6d3       100%        6
 Ozocubu's Refrigeration  Ice            0%         4d5       100%        7
 Ignition                 Fire           0%         3d3       100%        8


Dungeon Overview and Level Annotations

Branches:
Dungeon (9/15)             Temple (0/1) D:6           Sewer (visited)
   Lair: D:8-11         Orc: D:9-12

Altars:
Elyvilon
Hepliaklqana
Trog
The Shining One

Shops:
D:4 *


Innate Abilities, Weirdness & Mutations

You have a pair of horns on your head.
You reflexively headbutt those who attack you in melee.


Message History

You feel yourself slow down. The phantasmal warrior hits you!
Your willpower is stripped away!
The death knight falls through a shaft!
The shaft crumbles and collapses.
Unknown command.
There are monsters nearby!
You hit the wraith.
You headbutt the wraith, but do no damage.
The wraith is heavily damaged.
The wraith hits you but does no damage. The phantasmal warrior hits you!
Unknown command.
There are monsters nearby!
You hit the wraith but do no damage.
The wraith is heavily damaged.
The wraith completely misses you. The phantasmal warrior hits you!!
The wraith hits you. The wraith drains your vigour!
You feel as though you will be slow longer.
Unknown command.
There are monsters nearby!
You are too injured to fight recklessly!
Unknown command.
There are monsters nearby!
You are too injured to fight recklessly!
Unknown command.
You feel better.
The skeletal warrior hits you with a +0 mace!
* * * LOW HITPOINT WARNING * * *
The phantasmal warrior hits you but does no damage.
The wraith hits you.
* * * LOW HITPOINT WARNING * * *
The skeletal warrior hits you with a +0 mace.
* * * LOW HITPOINT WARNING * * *
The phantasmal warrior misses you.
As you read the scroll of teleportation, it crumbles to dust.
You feel strangely unstable. The wraith closely misses you.
The skeletal warrior hits you with a +0 mace.
* * * LOW HITPOINT WARNING * * *
The phantasmal warrior hits you.
* * * LOW HITPOINT WARNING * * *
The wraith hits you!
You die...

#.#.......##..........##...
#.........####......######.
#...........####..####..###
#...##........######......#
##..##........# #.........
#..##......######.........
#..##....####..##....##...
#..##....##....##....##...
#..##....@z....##....##...
#..##....WW....##....##...
#..####......######..##...
#....####..####..######...
#......######......####...
###......##..........##...
###.....................
###......#............
##......####......<.


You could see a skeletal warrior, a phantasmal warrior and a wraith.

Vanquished Creatures
  A two-headed ogre (D:7)
  4 kobold demonologists (D:9)
  A troll (D:9)
  Prince Ribbit (D:7)
  A shadow (D:9)
  Menkaure (D:7)
  A steam dragon (D:7)
  An acid dragon (D:9)
  An orc warrior (D:7)
  2 sky beasts
  3 black bears
  An ogre (D:5)
  2 necrophages
  A centaur (D:7)
  A phantom (D:3)
  Blork the orc (D:4)
  2 kobold brigands
  A bullfrog (D:7)
  A gnoll sergeant (D:8)
  A scorpion (D:5)
  A wyvern skeleton (D:7)
  A water moccasin skeleton (D:4)
  4 killer bees (D:9)
  10 wights
  8 howler monkeys
  2 centaur zombies (D:8)
  A bullfrog zombie (D:6)
  3 hounds
  A jelly (D:5)
  4 orc priests
  6 orc wizards
  2 killer bee zombies
  A hound zombie (D:5)
  Robin (D:4)
  2 howler monkey zombies
  A howler monkey skeleton (D:6)
  7 gnolls
  5 adders
  A river rat (Sewer)
  A white imp (D:6)
  An ufetubus (D:4)
  3 worms
  A dart slug (D:4)
  20 orcs
  7 endoplasms
  3 giant cockroaches
  10 goblins
  12 hobgoblins
  3 jackals (D:4)
  7 quokkas
  10 ball pythons
  8 bats
  7 frilled lizards
  16 kobolds
  7 rats
205 creatures vanquished.

Notes
Turn   | Place    | Note
-------+----------+-------------------------------------------
     0 | D:1      | Decipherer the Minotaur Berserker began the quest for the
                  | Orb.
     0 | D:1      | Reached XP level 1. HP: 19/19 MP: 0/0
    22 | D:1      | Found a faded altar of an unknown god.
   211 | D:1      | Reached XP level 2. HP: 27/27 MP: 1/1
   899 | D:2      | Reached XP level 3. HP: 33/33 MP: 2/2
   949 | D:2      | Reached ** piety under Trog
  1801 | D:3      | Noticed a phantom
  1811 | D:3      | Killed a phantom
  1812 | D:3      | Reached skill level 5 in Axes
  1812 | D:3      | Reached XP level 4. HP: 24/41 MP: 3/3
  2371 | D:4      | Reached XP level 5. HP: 32/47 MP: 4/4
  2568 | D:4      | Found Ifem's Elemental Accessories.
  2835 | D:4      | Reached skill level 5 in Fighting
  2890 | D:4      | Noticed a black bear
  2891 | D:4      | Noticed Blork the orc
  2895 | D:4      | Killed a black bear
  2896 | D:4      | Reached XP level 6. HP: 53/56 MP: 5/5
  2905 | D:4      | Killed Blork the orc
  3255 | D:4      | Noticed Robin
  3264 | D:4      | Reached *** piety under Trog
  3278 | D:4      | Reached skill level 1 in Maces & Flails
  3278 | D:4      | Reached XP level 7. HP: 39/61 MP: 6/6
  3278 | D:4      | Killed Robin
  3279 | D:4      | Reached skill level 2 in Maces & Flails
  3691 | D:4      | Reached skill level 3 in Maces & Flails
  3831 | D:5      | Entered Level 5 of the Dungeon
  3850 | D:5      | Found a hazy altar of Hepliaklqana.
  3850 | D:5      | Found a glowing golden altar of the Shining One.
  4245 | D:5      | Reached skill level 4 in Maces & Flails
  4255 | D:5      | Found a glowing drain.
  4268 | Sewer    | Entered a sewer
  4713 | D:5      | Reached skill level 5 in Maces & Flails
  4802 | D:5      | Reached skill level 5 in Armour
  4802 | D:5      | Reached XP level 8. HP: 70/70 MP: 7/7
  5105 | D:5      | Reached **** piety under Trog
  5410 | D:5      | Reached skill level 6 in Maces & Flails
  6072 | D:6      | Reached skill level 7 in Maces & Flails
  6313 | D:6      | Found a staircase to the Ecumenical Temple.
  6501 | D:6      | You fall into a shaft and drop 2 floors!
  6717 | D:8      | Identified the +2 ring mail of Responsibility {Rampage rF++
                  | Stlth+}
  6836 | D:7      | Reached skill level 8 in Maces & Flails
  6836 | D:7      | Reached skill level 5 in Dodging
  6874 | D:7      | Noticed a two-headed ogre
  6883 | D:7      | Killed a two-headed ogre
  6884 | D:7      | Reached XP level 9. HP: 33/79 MP: 8/8
  6890 | D:7      | Identified the +4 quarterstaff of Lynto {drain, +Blink rF++
                  | Str-3 Int+4 Stlth+}
  7180 | D:7      | Reached skill level 9 in Maces & Flails
  7180 | D:7      | Reached skill level 1 in Stealth
  7406 | D:7      | Noticed Menkaure
  7411 | D:7      | Killed Menkaure
  7412 | D:7      | Reached skill level 1 in Staves
  7916 | D:7      | Noticed Prince Ribbit
  7921 | D:7      | Killed Prince Ribbit
  8365 | D:8      | Reached ***** piety under Trog
  8939 | D:9      | Reached XP level 10. HP: 71/88 MP: 9/9
  9243 | D:9      | Found a bloodstained altar of Trog.
  9265 | D:9      | Noticed a smoke demon
  9270 | D:9      | Reached skill level 5 in Staves
  9566 | D:9      | Found a white marble altar of Elyvilon.
 10227 | D:9      | Noticed a phantasmal warrior
 10233 | D:9      | Noticed a death knight
 10233 | D:9      | Noticed a skeletal warrior
 10239 | D:9      | HP: 4/90 [phantasmal warrior[a death knight] (6)]
 10239 | D:9      | Slain by a wraith

Illustrated notes

Levels and vault maps discovered:
D:1:      amcnicky_arrival_underground_garden, layout_basic,
          hellmonk_ecumenical_altar_pennies_from_heaven, minmay_tetromino_l2
D:2:      layout_rooms
D:3:      layout_loops_ring
D:4:      layout_gridville, nicolae_elemental_shop, fountainhead,
          kennysheep_nub, uniq_robin, uniq_blork_the_orc
D:5:      layout_basic, gammafunk_temple_overflow_statue, serial_bayou,
          serial_bayou_pond_a, serial_bayou_pond_b, serial_bayou_shore_b,
          serial_bayou_pond_a, cheibrodos_sewer_entry_drain
D:6:      layout_cave_pools, minmay_temple_entry_ruins, minmay_misc_feat_tower,
          eino_curves_02, st_stairs_9
D:7:      layout_cave_pods, uniq_prince_ribbit1, uniq_menkaure
D:8:      layout_basic
D:9:      layout_basic, minitemple, serial_curves, eino_curves_02,
          eino_curves_01, eino_curves_02, nicolae_two_hexagons,
          nicolae_water_bricks, minmay_stone_trees_large

Skill      XL: |  1  2  3  4  5  6  7  8  9 10 |
---------------+-------------------------------+-----
Fighting       | 4 5 7 8 |  8.6
Axes           | 4 5 6 |  6.9
Dodging        | 3 4 5 6 7 |  7.2
Armour         | 3 5 6 7 8 |  8.3
Maces & Flails | 1 5 8 9 |  9.3
Stealth        | 2 |  2.3
Staves         | 3 6 |  6.6

Action                   |  1- 3 |  4- 6 |  7- 9 | 10-12 || total
-------------------------+-------+-------+-------+-------++-------
Melee: Hand axe          |    82 |    50 |       |       ||   132
       Headbutt          |    12 |    15 |    53 |    14 ||    94
       Dire flail        |       |    29 |   173 |       ||   202
       Quarterstaff      |       |       |    96 |    69 ||   165
Invok: Berserk           |     1 |     2 |    10 |     1 ||    14
  Use: Scroll            |       |       |     4 |     1 ||     5
       Potion            |       |       |     1 |     1 ||     2
 Stab: Sleeping          |       |       |     5 |       ||     5
       Distracted        |       |       |     1 |     1 ||     2
Armor: Animal skin       |    16 |       |       |       ||    16
       Scale mail        |       |    53 |    52 |       ||   105
       Plate armour      |       |       |    55 |       ||    55
       Ring mail         |       |       |    37 |    25 ||    62
Dodge: Dodged            |    53 |    61 |   159 |    50 ||   323

Table legend: (Time is in decaauts)
 A = Elapsed time spent in this place.
 B = Non-inter-level travel time spent in this place.
 C = Inter-level travel time spent in this place.
 D = Time resting spent in this place.
 E = Time spent auto-exploring this place.
 F = Levels seen in this place.
 G = Mean time per level.
                   A        B        C        D        E       F      G
               +--------+--------+--------+--------+--------+-----+--------+
         Total |  10436 |  10317 |    119 |      0 |   8498 |  10 | 1043.6 |
       Dungeon |   9950 |   9831 |    119 |      0 |   8167 |   9 | 1105.6 |
         Sewer |    486 |    486 |      0 |      0 |    331 |   1 |  486.0 |
               +--------+--------+--------+--------+--------+-----+--------+

Top non-repeatable levels by time:
     D:4: 1485 daAuts
     D:5: 1375 daAuts
     D:9: 1311 daAuts
     D:7: 1268 daAuts
     D:6: 1168 daAuts
     D:8: 958 daAuts
     D:3: 922 daAuts
     D:1: 766 daAuts
     D:2: 694 daAuts
   Sewer: 486 daAuts
